 Dungeon Crawl Stone Soup version 0.30.0-5-g1a98f26d00 (webtiles) character file.

Game seed: 4320256911355931236

63 LaggoTC the Sneak (level 4, -2/29 HPs)
             Began as an Octopode Summoner on May 10, 2023.
             Was a Follower of Dithmenos.
             Slain by an iguana (14 damage)
             ... on level 4 of the Dungeon.
             The game lasted 00:12:07 (1462 turns).

LaggoTC the Sneak (Octopode Summoner)               Turns: 1462, Time: 00:12:08

Health: -2/29      AC:  1    Str:  9    XL:     4   Next: 9%
Magic:  5/7        EV: 13    Int: 17    God:    Dithmenos [*.....]
Gold:   18         SH:  0    Dex: 12    Spells: 1/7 levels left

rFire   . . .        c - +0 falchion (vamp)
rCold   . . .        (no shield)
rNeg    . . .        (helmet restricted)
rPois   .            i - amulet of the acrobat
rElec   .            (no ring)
rCorr   .            (no ring)
SInv    .            (no ring)
Will    .....        (no ring)
Stlth   ++++         (no ring)
HPRegen 0.24/turn    (no ring)
MPRegen 0.10/turn    (no ring)
                     (no ring)

%: acrobat
@: wreathed by umbra
A: almost no armour, amphibious, 8 rings, camouflage 1, gelatinous body 1,
(nimble swimmer 1), tentacles
a: Renounce Religion


You were on level 4 of the Dungeon.
You worshipped Dithmenos.
Dithmenos was aware of your devotion.
You visited 1 branch of the dungeon, and saw 4 of its levels.

You collected 18 gold pieces.

Inventory:

Hand Weapons
 c - a +0 vampiric falchion (weapon)
Jewellery
 f - a ring of protection from cold
 i - an amulet of the acrobat (around mantle)
Scrolls
 d - 2 scrolls of teleportation {unknown}
 e - a scroll of fog {unknown}
 g - 4 scrolls of identify {unknown}
 h - 2 scrolls of immolation {unknown}
 k - a scroll of enchant armour {unknown}
Potions
 a - a potion of magic
 b - 2 potions of curing
 j - a potion of berserk rage {unknown}


   Skills:
 * Level 1.6 Fighting
 + Level 2.0 Long Blades
 - Level 2.0 Dodging
 - Level 4.2 Stealth
 - Level 2.0 Spellcasting
 - Level 4.0 Summonings


You had one spell level left.
You knew the following spells:

 Your Spells              Type           Power      Damage    Failure   Level
a - Summon Small Mammal   Summ           60%        N/A       3%          1
b - Call Canine Familiar  Summ           15%        N/A       11%         3
c - Call Imp              Summ           30%        N/A       5%          2

Your spell library contained the following spells:

 Spells                   Type           Power      Damage    Failure   Level
 Magic Dart               Conj           4%         1d3       19%         1
 Summon Guardian Golem    Hex/Summ       8%         N/A       26%         3
 Sublimation of Blood     Necr           1%         N/A       28%         2
 Wereblood                Tmut           1%         N/A       28%         2
 Mephitic Cloud           Conj/Pois/Air  1%         N/A       50%         3
 Summon Lightning Spire   Summ/Air       8%         N/A       63%         4
 Animate Dead             Necr           1%         N/A       88%         4
 Borgnjor's Vile Clutch   Necr/Erth      0%         N/A       99%         5
 Death Channel            Necr           0%         N/A       100%        6
 Summon Hydra             Summ           7%         N/A       100%        7


Dungeon Overview and Level Annotations

Branches:
Dungeon (3/15)

Altars:
Dithmenos


Innate Abilities, Weirdness & Mutations

You cannot wear most types of armour.
You are amphibious.
You can wear up to eight rings at the same time.
Your skin changes colour to match your surroundings (Stealth+).
Your rubbery body absorbs attacks. (AC +1, EV +1)
((You are camouflaged when in or above water. (Stealth+)))
You have tentacles for arms and can constrict up to eight enemies at once.


Message History

Found 9 gold pieces.
You see here a scroll labelled USKEWK UPLO.
Your bat hits the iguana but does no damage.
The iguana bites your bat.
Casting: Summon Small Mammal (safe; 3% risk of failure)
Confirm with . or Enter, or press ? or * to list all spells.
Your bat barely misses the iguana.
Your magical contamination has completely faded away.
Your bat barely misses the iguana.
The iguana barely misses your bat.
You see here a scroll labelled USKEWK UPLO.
Your bat hits the iguana but does no damage.
Your bat barely misses the iguana.
Your bat hits the iguana but does no damage.
The iguana bites your bat.
Your bat dies!
Your bat's corpse disappears in a puff of smoke!
Your bat hits the iguana but does no damage.
Your bat hits the iguana but does no damage. x2
You see here a scroll labelled USKEWK UPLO.
You closely miss the iguana. Your grab misses the iguana.
You squeeze the iguana.
The iguana is moderately wounded.
Your bat hits the iguana but does no damage.
The iguana bites you.
You hit the iguana but do no damage. You grab the iguana.
The iguana is moderately wounded.
You constrict the iguana, but do no damage.
Your bat hits the iguana but does no damage. x3
The iguana barely misses you.
You hit the iguana.
The iguana is heavily wounded.
You constrict the iguana, but do no damage.
Your bat hits the iguana but does no damage. x2
The iguana bites you!
You hit the iguana but do no damage.
The iguana is heavily wounded.
You constrict the iguana, but do no damage.
Your bat hits the iguana but does no damage.
The iguana bites you!
You die...

#.. # .$. .##.###
.....# ####.#.#
.......#
########...########
...........@lb.....
######.#...##.....
#!..#...# g..
#.#.....# .
#.#.#...# # #.#...#
#.#...# #.#...# #.#
.#


You could see an iguana (ally target), a hobgoblin (asleep) and a friendly bat
(summoned).

Vanquished Creatures
  An orc (D:3)
  2 ball pythons (D:1)
  5 endoplasms
  2 giant cockroaches (D:1)
  3 goblins
  A hobgoblin (D:3)
  2 jackals (D:1)
  2 kobolds
  3 quokkas
  2 bats (D:1)
  A frilled lizard (D:1)
  3 rats
27 creatures vanquished.

Vanquished Creatures (collateral kills)
  A dart slug (D:2)
  2 orcs (D:3)
  A ball python (D:1)
  2 endoplasms
  A giant cockroach (D:1)
  5 goblins
  2 jackals (D:1)
  3 kobolds
  3 frilled lizards (D:1)
  3 rats (D:1)
23 creatures vanquished.

Grand Total: 50 creatures vanquished

Notes
Turn   | Place    | Note
-------+----------+-------------------------------------------
     0 | D:1      | LaggoTC the Octopode Summoner began the quest for the Orb.
     0 | D:1      | Reached XP level 1. HP: 11/11 MP: 3/3
   175 | D:1      | Reached XP level 2. HP: 8/18 MP: 3/5
   194 | D:1      | Reached skill level 1 in Fighting
   194 | D:1      | Reached skill level 1 in Long Blades
   515 | D:1      | Reached XP level 3. HP: 19/23 MP: 6/6
   652 | D:1      | Learned a level 3 spell: Call Canine Familiar
   753 | D:1      | Learned a level 2 spell: Call Imp
  1108 | D:2      | Found a faded altar of an unknown god.
  1115 | D:2      | Prayed at the altar of an unknown god.
  1115 | D:2      | Became a worshipper of Dithmenos the Shadowed
  1115 | D:2      | Reached * piety under Dithmenos
  1319 | D:3      | HP: 1/22 [orc/+0 flail (8)]
  1334 | D:3      | Reached XP level 4. HP: 13/29 MP: 2/7
  1445 | D:3      | You fall into a shaft and drop 1 floor!
  1462 | D:4      | Slain by an iguana

Illustrated notes

Levels and vault maps discovered:
D:1:      minmay_arrival_widening_spiral_wide, layout_loops_ring,
          supply_closet_lemuel, minmay_small_reverse_x
D:2:      layout_basic, dilly_ecumenical_altar_fadedgnrine,
          minmay_misc_feat_room
D:3:      layout_rooms, serial_shops, shop
D:4:      layout_basic, elyvilon_altar_5, yredelemnul_forgotten_temple_becter,
          st_stairs_8

Skill      XL: |  1  2  3  4 |
---------------+-------------+-----
Stealth        | 3 4 |  4.2
Fighting       | 1 |  1.6
Long Blades    | 1 2 |  2.0
Dodging        | |  2.0
Spellcasting   | |  2.0
Summonings     | |  4.0

Action                     |  1- 3 |  4- 6 || total
---------------------------+-------+-------++-------
  Melee: Falchion          |    57 |     7 ||    64
         Constrict         |    10 |     2 ||    12
         Tentacles         |     7 |     2 ||     9
         Punch             |       |     1 ||     1
   Cast: Summon Small Mamm |    35 |     7 ||    42
         Call Imp          |     1 |       ||     1
         Call Canine Famil |     1 |       ||     1
    Use: Potion            |     1 |       ||     1
   Stab: Sleeping          |     6 |       ||     6
 Armour: Skin              |     8 |       ||     8
  Dodge: Dodged            |    48 |     6 ||    54
